 Dungeon Crawl Stone Soup version 0.20.0-15-g7f486f2 (webtiles) character file.

105 septik the Chopper (level 4, -1/39 HPs)
             Began as a Minotaur Berserker on June 11, 2017.
             Was a Believer of Trog.
             Slain by an orc
             ... wielding a +0 trident
              (3 damage)
             ... on level 3 of the Dungeon.
             The game lasted 00:06:20 (2485 turns).

septik the Chopper (Minotaur Berserker)             Turns: 2485, Time: 00:06:21

Health: -1/39      AC:  2    Str: 22    XL:     4   Next: 53%
Magic:  3/3        EV: 12    Int:  4    God:    Trog [**....]
Gold:   73         SH:  0    Dex: 10    Spells: 3/3 levels left

rFire    . . .     SeeInvis .   k - -1 battleaxe
rCold    . . .     Gourm    .   (shield currently unavailable)
rNeg     . . .     Faith    .   b - +0 animal skin
rPois    .         Spirit   .   (helmet restricted)
rElec    .         Reflect  .   (no cloak)
rCorr    .         Harm     .   (no gloves)
MR       .....                  (no boots)
Stlth    +.........             (no amulet)
Regen    0.2/turn               (no ring)
MPRegen  0.1/turn               (no ring)

@: berserk cooldown, slowed, very slow
A: retaliatory headbutt, horns 2
a: Berserk, Trog's Hand, Burn Spellbooks, Renounce Religion


You were on level 3 of the Dungeon.
You worshipped Trog.
Trog was pleased with you.
You were hungry.

You visited 1 branch of the dungeon, and saw 3 of its levels.

You collected 73 gold pieces.

Inventory:

Hand Weapons
 a - a +0 hand axe
 k - a -1 battleaxe (weapon)
Missiles
 e - 61 stones (quivered)
Armour
 b - a +0 animal skin (worn)
 l - a +0 plate armour
 m - a +0 buckler
Scrolls
 d - 2 scrolls of teleportation
 f - a scroll of enchant weapon {unknown}
 h - a scroll of identify {unknown}
Potions
 j - a potion of berserk rage {unknown}
Comestibles
 c - a bread ration
 g - a chunk of flesh
 i - 2 fruits


   Skills:
 - Level 3.6 Fighting
 + Level 6.4 Axes
 - Level 2.4 Armour
 - Level 2.1 Dodging


You had 3 spell levels left.
You didn't know any spells.

Dungeon Overview and Level Annotations

Branches:
Dungeon (3/15)

Altars:


Innate Abilities, Weirdness & Mutations

You reflexively headbutt those who attack you in melee.
You have a pair of horns on your head.


Message History

Deactivating autopickup; reactivate with Ctrl-A.
You're too confused to move!
Something hits you. The orc barely misses you.
You're too confused to move!
Something completely misses you. The orc barely misses you.
You hear some strange, mumbled words.
A puff of flame appears from out of thin air!
The puff of flame hits you!
* * * LOW HITPOINT WARNING * * *
You bump into the rock wall.
You feel less confused. The orc barely misses you. Something hits you.
* * * LOW HITPOINT WARNING * * *
The orc closely misses you.
You hear some strange, mumbled words.
A puff of flame appears from out of thin air!
The puff of flame hits you!
* * * LOW HITPOINT WARNING * * *
There is a stone staircase leading down here.
The orc hits you from afar with a trident.
You die...

#.#.#
#.....#.###.##
...#####.#.#
#######.# #.#.
.........#.# #.#
#... .........#.#
#.#####.
...........#
#.#.....
...######..#######
#.#.###. ..
#..#.....#
#.#..... .
#..#.....#
#.#..##.
##@#.....+ #. #..
#.#o....# # #..
###o#)....# #..
#.....# #..
#.....# #..
#....... #.#
#.....##.# #.#
#.....# # #.#
#..<..# #.#


You could see an orc.

Vanquished Creatures
  4 adders (D:3)
  2 oozes
  5 worms
  A leopard gecko (D:2)
  An orc (D:3)
  A ball python (D:1)
  3 giant cockroaches
  2 goblins
  6 hobgoblins
  2 jackals (D:2)
  A quokka (D:2)
  5 frilled lizards
  6 kobolds
  9 rats
48 creatures vanquished.

Notes
Turn   | Place    | Note
-------+----------+-------------------------------------------
     0 | D:1      | septik the Minotaur Berserker began the quest for the Orb.
     0 | D:1      | Reached XP level 1. HP: 19/19 MP: 0/0
   155 | D:1      | Reached skill level 4 in Axes
   516 | D:2      | Reached XP level 2. HP: 24/26 MP: 1/1
  1401 | D:2      | Reached skill level 5 in Axes
  1445 | D:2      | Reached XP level 3. HP: 31/31 MP: 2/2
  1534 | D:2      | Reached ** piety under Trog
  2005 | D:3      | Reached XP level 4. HP: 31/39 MP: 3/3
  2010 | D:3      | Reached skill level 6 in Axes
  2485 | D:3      | Slain by an orc

Skill      XL: |  1  2  3  4 |
---------------+-------------+-----
Axes           | 4 5 6 |  6.4
Fighting       | |  3.6
Armour         | |  2.4
Dodging        | |  2.1

Action                   |  1- 3 |  4- 6 || total
-------------------------+-------+-------++-------
Melee: Hand axe          |    56 |       ||    56
       Headbutt          |     8 |     7 ||    15
       Battleaxe         |    12 |    22 ||    34
Throw: Stone             |    14 |       ||    14
Invok: Burn Spellbooks   |     1 |       ||     1
       Berserk           |       |     1 ||     1
  Use: Scroll            |     3 |       ||     3
 Stab: Sleeping          |     1 |       ||     1
  Eat: Chunk             |     3 |     2 ||     5
Armor: Animal skin       |     9 |     4 ||    13
Dodge: Dodged            |    40 |    18 ||    58
